SAAA
JERSEY CITY SUN CAPS @ PORT ROYAL DISASTER
09/14/2021
 
TOP OF THE 1ST
Jersey City Sun Caps batting - Pitching for Port Royal Disaster : LHP Wayne Downey
Pitching: LHP Wayne Downey
Batting: RHB Bryan Wilson 0-0: Foul Ball, location: 2F
0-1: Ball
1-1: Ball
2-1: DOUBLE (Line Drive, 89M)
Batting: RHB Jonah Moody 0-0: Fly out, F3 (Line Drive, 3)
Batting: LHB Miguel Martínez 0-0: Ground out 4-3 (Groundball, 34)
Bryan Wilson to third
Batting: RHB Micheal Murdoch 0-0: Ball
1-0: Swinging Strike
1-1: SINGLE (Line Drive, 7S)
Bryan Wilson scores
Batting: SHB Dominique Prost 0-0: Ground out 5-3 (Groundball, 5S)
Top of the 1st over - 1 run(s), 2 hit(s), 0 error(s), 1 left on base; Jersey City 1 - Port Royal 0
BOTTOM OF THE 1ST
Port Royal Disaster batting - Pitching for Jersey City Sun Caps : RHP Jim Unknown
Pitching: RHP Jim Unknown
Batting: SHB Bob Rogers 0-0: Ball
1-0: Called Strike
1-1: Foul Ball, location: 2F
1-2: Foul Ball, location: 2F
1-2: Ground out 3-1 (Groundball, 34)
Batting: LHB Peter Paul 0-0: Foul Ball, location: 2F
0-1: Ball
1-1: Swinging Strike
1-2: Fly out, F7 (Flyball, 7LS)
Batting: RHB Mike Green 0-0: Foul Ball, location: 2F
0-1: Ball
1-1: Foul Ball, location: 2F
1-2: Strikes out looking
Bottom of the 1st over - 0 run(s), 0 hit(s), 0 error(s), 0 left on base; Jersey City 1 - Port Royal 0
TOP OF THE 2ND
Jersey City Sun Caps batting - Pitching for Port Royal Disaster : LHP Wayne Downey
Batting: RHB Christian O'Neal 0-0: Called Strike
0-1: Ball
1-1: SINGLE (Groundball, 13S) (infield hit)
Batting: RHB Chris Lowe 0-0: SINGLE (Groundball, 56D)
Christian O'Neal to second
Batting: RHB Tony Quintana 0-0: Called Strike
0-1: Foul Ball, location: 2F
0-2: Strikes out swinging
Batting: LHB Jesús Pérez 0-0: DOUBLE (Line Drive, 5L)
Christian O'Neal scores
Chris Lowe to third
Runner from 3rd tries for Home, SAFE, throw made at trailing runner, OUT at third!
Batting: RHB Bryan Wilson 0-0: Called Strike
0-1: Swinging Strike
0-2: Ball
1-2: Ball
2-2: Ball
3-2: Base on Balls
Batting: RHB Jonah Moody 0-0: Foul Ball, location: 2F
0-1: Foul Ball, location: 2F
0-2: Foul Ball, location: 2F
0-2: Ball
1-2: SINGLE (Groundball, 56D) (infield hit)
Bryan Wilson to second
Batting: LHB Miguel Martínez 0-0: Ball
Wild Pitch!
Bryan Wilson to third
Jonah Moody to second
1-0: Called Strike
1-1: Ball
2-1: Ball
3-1: Ground out 4-3 (Groundball, 4S)
Top of the 2nd over - 2 run(s), 4 hit(s), 0 error(s), 2 left on base; Jersey City 3 - Port Royal 0
BOTTOM OF THE 2ND
Port Royal Disaster batting - Pitching for Jersey City Sun Caps : RHP Jim Unknown
Batting: RHB Paul Smith 0-0: Swinging Strike
0-1: Foul Ball, location: 2F
0-2: Foul Ball, location: 2F
0-2: Foul Ball, location: 2F
0-2: Ball
1-2: Strikes out swinging
Batting: RHB David Gómez 0-0: Called Strike
0-1: Swinging Strike
0-2: Foul Ball, location: 2F
0-2: Ground out 6-3 (Groundball, 6M)
Batting: RHB Clint Anthony 0-0: Ground out 5-3 (Groundball, 56S)
Bottom of the 2nd over - 0 run(s), 0 hit(s), 0 error(s), 0 left on base; Jersey City 3 - Port Royal 0
TOP OF THE 3RD
Jersey City Sun Caps batting - Pitching for Port Royal Disaster : LHP Wayne Downey
Batting: RHB Micheal Murdoch 0-0: Ground out 6-3 (Groundball, 6M)
Batting: SHB Dominique Prost 0-0: Called Strike
0-1: Ball
1-1: Ball
2-1: SINGLE (Line Drive, 7S)
Batting: RHB Christian O'Neal 0-0: Called Strike
0-1: Ball
1-1: Ball
2-1: Called Strike
2-2: SINGLE (Groundball, 6M)
Dominique Prost to second
Batting: RHB Chris Lowe 0-0: Called Strike
0-1: Fly out, F2 (Popup, 25F)
Batting: RHB Tony Quintana 0-0: Ball
Wild Pitch!
Dominique Prost to third
Christian O'Neal to second
1-0: Foul Ball, location: 2F
1-1: Called Strike
1-2: Ball
2-2: Ball
3-2: Fly out, F7 (Flyball, 78S)
Top of the 3rd over - 0 run(s), 2 hit(s), 0 error(s), 2 left on base; Jersey City 3 - Port Royal 0
BOTTOM OF THE 3RD
Port Royal Disaster batting - Pitching for Jersey City Sun Caps : RHP Jim Unknown
Batting: RHB Clement Fields 0-0: Called Strike
0-1: Foul Ball, location: 2F
0-2: Ball
1-2: Fly out, F8 (Line Drive, 8LXD)
Batting: SHB Tim Moss 0-0: Foul Ball, location: 2F
0-1: Ball
1-1: Ball
2-1: Ball
3-1: Fly out, F5 (Popup, 5F)
Batting: LHB Jim Unknown 0-0: Ball
1-0: Foul Ball, location: 2F
1-1: Foul Ball, location: 2F
1-2: Foul Ball, location: 2F
1-2: Fly out, F3 (Line Drive, 34)
Bottom of the 3rd over - 0 run(s), 0 hit(s), 0 error(s), 0 left on base; Jersey City 3 - Port Royal 0
TOP OF THE 4TH
Jersey City Sun Caps batting - Pitching for Port Royal Disaster : LHP Wayne Downey
Batting: LHB Jesús Pérez 0-0: Ball
1-0: Fly out, F1 (Line Drive, 15)
Batting: RHB Bryan Wilson 0-0: Called Strike
0-1: SOLO HOME RUN (Line Drive, 78XD), Distance : 418 ft
Batting: RHB Jonah Moody 0-0: Called Strike
0-1: Foul Ball, location: 2F
0-2: Ball
1-2: Fly out, F8 (Flyball, 8LM)
Batting: LHB Miguel Martínez 0-0: Ball
1-0: Fly out, F5 (Popup, 5)
Top of the 4th over - 1 run(s), 1 hit(s), 0 error(s), 0 left on base; Jersey City 4 - Port Royal 0
BOTTOM OF THE 4TH
Port Royal Disaster batting - Pitching for Jersey City Sun Caps : RHP Jim Unknown
Batting: SHB Bob Rogers 0-0: Ball
1-0: Called Strike
1-1: Swinging Strike
1-2: Ball
2-2: Foul Ball, location: 2F
2-2: Strikes out swinging
Batting: LHB Peter Paul 0-0: Foul Ball, location: 2F
0-1: Called Strike
0-2: Ground out U3 (Groundball, 3)
Batting: RHB Mike Green 0-0: Called Strike
0-1: Ball
1-1: Called Strike
1-2: Ball
2-2: Ball
3-2: Foul Ball, location: 2F
3-2: SINGLE (Groundball, 56D)
Batting: RHB Paul Smith 0-0: Ball
Mike Green steals 2nd base
1-0: Fly out, F9 (Flyball, 9M)
Bottom of the 4th over - 0 run(s), 1 hit(s), 0 error(s), 1 left on base; Jersey City 4 - Port Royal 0
TOP OF THE 5TH
Jersey City Sun Caps batting - Pitching for Port Royal Disaster : LHP Wayne Downey
Batting: RHB Micheal Murdoch 0-0: Foul Ball, location: 2F
0-1: Swinging Strike
0-2: Ball
1-2: Ground out 4-3 (Groundball, 4)
Pitching: RHP Mac Merritt
Batting: SHB Dominique Prost 0-0: Ball
1-0: Ball
2-0: Called Strike
2-1: Called Strike
2-2: Strikes out looking
Batting: RHB Christian O'Neal 0-0: Ground out 1-3 (Groundball, 15)
Top of the 5th over - 0 run(s), 0 hit(s), 0 error(s), 0 left on base; Jersey City 4 - Port Royal 0
BOTTOM OF THE 5TH
Port Royal Disaster batting - Pitching for Jersey City Sun Caps : RHP Jim Unknown
Batting: RHB David Gómez 0-0: SINGLE (Line Drive, 4MD)
Batting: RHB Clint Anthony 0-0: Ball
1-0: Ball
2-0: Called Strike
2-1: Ball
3-1: Base on Balls
David Gómez to second
Batting: RHB Clement Fields 0-0: Ball
1-0: Ball
2-0: Foul Ball, location: 2F
2-1: Bunted foul
2-2: Foul Ball, location: 2F
2-2: Ball
3-2: Ground out 6-3 (Groundball, 6S)
David Gómez to third
Clint Anthony to second
Batting: SHB Tim Moss 0-0: Ball
1-0: Called Strike
1-1: Ball
2-1: Foul Ball, location: 2F
2-2: Fly out, F7 (Flyball, 7LM)
Runner from 3rd tags up, OUT at HOME
Bottom of the 5th over - 0 run(s), 1 hit(s), 0 error(s), 1 left on base; Jersey City 4 - Port Royal 0
TOP OF THE 6TH
Jersey City Sun Caps batting - Pitching for Port Royal Disaster : RHP Mac Merritt
Batting: RHB Chris Lowe 0-0: Called Strike
0-1: Ball
1-1: Ball
2-1: Ball
3-1: Base on Balls
Batting: RHB Tony Quintana 0-0: Bunt missed!
0-1: Bunted foul
0-2: Ball
1-2: Ball
2-2: Ball
3-2: Foul Ball, location: 2F
3-2: Base on Balls
Chris Lowe to second
Batting: LHB Jesús Pérez 0-0: Ball
1-0: Sac Bunt - play at third, runner OUT! 3-6
Tony Quintana to second
Batting: RHB Bryan Wilson 0-0: SINGLE (Groundball, 56D)
Tony Quintana to third
Jesús Pérez to second
Batting: RHB Jonah Moody 0-0: Ball
1-0: Ball
2-0: Ball
3-0: Base on Balls
Tony Quintana scores
Jesús Pérez to third
Bryan Wilson to second
Batting: LHB Miguel Martínez 0-0: Ball
1-0: Ball
2-0: Called Strike
2-1: Swinging Strike
2-2: Ball
3-2: Base on Balls
Jesús Pérez scores
Bryan Wilson to third
Jonah Moody to second
Batting: RHB Micheal Murdoch 0-0: Ball
1-0: Foul Ball, location: 2F
1-1: Ball
2-1: SINGLE (Flyball, 7S)
Bryan Wilson scores
Jonah Moody to third
Miguel Martínez to second
Pitching: RHP Tony Vargas
Batting: SHB Dominique Prost 0-0: Ball
1-0: Called Strike
1-1: Grounds into double play, U6-3 (Groundball, 6M)
Top of the 6th over - 3 run(s), 2 hit(s), 0 error(s), 2 left on base; Jersey City 7 - Port Royal 0
BOTTOM OF THE 6TH
Port Royal Disaster batting - Pitching for Jersey City Sun Caps : RHP Jim Unknown
Batting: LHB Jim Unknown 0-0: Ball
1-0: Ground out 4-3 (Groundball, 4)
Batting: SHB Bob Rogers 0-0: Called Strike
0-1: Foul Ball, location: 2F
0-2: Ball
1-2: Ball
2-2: Fly out, F6 (Popup, 56)
Batting: LHB Peter Paul 0-0: Called Strike
0-1: Swinging Strike
0-2: Ball
1-2: Foul Ball, location: 2F
1-2: Ball
2-2: Ball
3-2: Ground out 5-3 (Groundball, 5S)
Bottom of the 6th over - 0 run(s), 0 hit(s), 0 error(s), 0 left on base; Jersey City 7 - Port Royal 0
TOP OF THE 7TH
Jersey City Sun Caps batting - Pitching for Port Royal Disaster : RHP Tony Vargas
Batting: RHB Christian O'Neal 0-0: Called Strike
0-1: Called Strike
0-2: Foul Ball, location: 2F
0-2: Ball
1-2: Ball
2-2: Ball
3-2: Strikes out looking
Batting: RHB Chris Lowe 0-0: SINGLE (Groundball, 4MD)
Batting: RHB Tony Quintana 0-0: Ball
1-0: Called Strike
1-1: Called Strike
1-2: Strikes out swinging
Batting: LHB Jesús Pérez 0-0: Swinging Strike
0-1: Swinging Strike
0-2: Ball
1-2: Strikes out swinging
Top of the 7th over - 0 run(s), 1 hit(s), 0 error(s), 1 left on base; Jersey City 7 - Port Royal 0
BOTTOM OF THE 7TH
Port Royal Disaster batting - Pitching for Jersey City Sun Caps : RHP Jim Unknown
Batting: RHB Mike Green 0-0: Ball
1-0: Called Strike
1-1: DOUBLE (Line Drive, 7LD)
Batting: RHB Paul Smith 0-0: Ball
1-0: Ball
2-0: Fly out, F8 (Flyball, 8LXD)
Runner from 2nd tags up, SAFE at 3rd, no throw
Pitching: LHP Jesús Cantú
Batting: RHB David Gómez 0-0: Ball
1-0: Ball
2-0: Foul Ball, location: 2F
2-1: Ball
3-1: Foul Ball, location: 2F
3-2: Base on Balls
Batting: RHB Clint Anthony 0-0: Ball
1-0: Ball
2-0: Called Strike
2-1: Foul Ball, location: 2F
2-2: Ball
3-2: Strikes out looking
Batting: RHB Clement Fields 0-0: SINGLE (Line Drive, 89S)
Mike Green scores
David Gómez to second
Batting: SHB Tim Moss 0-0: Ball
1-0: Foul Ball, location: 2F
1-1: Swinging Strike
1-2: Ground out 6-3 (Groundball, 6)
Bottom of the 7th over - 1 run(s), 2 hit(s), 0 error(s), 2 left on base; Jersey City 7 - Port Royal 1
TOP OF THE 8TH
Jersey City Sun Caps batting - Pitching for Port Royal Disaster : RHP Tony Vargas
Batting: RHB Bryan Wilson 0-0: Bunted foul
0-1: Ball
1-1: Reached on Error, E9 (Flyball, 9S)
Batting: RHB Jonah Moody 0-0: Ball
1-0: Fly out, F4 (Popup, 4M)
Batting: LHB Miguel Martínez 0-0: Ball
1-0: Called Strike
1-1: Swinging Strike
1-2: Ball
2-2: Ball
3-2: DOUBLE (Groundball, 3L)
Bryan Wilson to third
Bryan Wilson scores
Batting: RHB Micheal Murdoch 0-0: Ball
1-0: Foul Ball, location: 2F
1-1: Foul Ball, location: 2F
1-2: SINGLE (Line Drive, 78S)
Miguel Martínez to third
Batting: SHB Dominique Prost 0-0: Ball
1-0: SINGLE (Groundball, 4MD)
Miguel Martínez scores
Micheal Murdoch to second
Batting: RHB Christian O'Neal 0-0: Ball
1-0: Ball
2-0: Ball
Passed Ball!
Micheal Murdoch to third
Dominique Prost to second
3-0: Called Strike
3-1: Foul Ball, location: 2F
3-2: SINGLE (Line Drive, 56)
Micheal Murdoch scores
Dominique Prost to third
Pitching: LHP Aukukero Mincarlie Jr.
Batting: RHB Chris Lowe 0-0: SINGLE (Flyball, 7S)
Dominique Prost scores
Christian O'Neal to second
Batting: RHB Tony Quintana 0-0: Ball
1-0: Called Strike
1-1: Swinging Strike
1-2: Ball
Passed Ball!
Christian O'Neal to third
Chris Lowe to second
2-2: SINGLE (Groundball, 56)
Christian O'Neal scores
Chris Lowe to third
Runner from 3rd tries for Home, SAFE, no throw or cutoff
Batting: LHB Jesús Pérez 0-0: Ball
1-0: Grounds into double play, 4-6-3 (Groundball, 4)
Top of the 8th over - 6 run(s), 6 hit(s), 1 error(s), 0 left on base; Jersey City 13 - Port Royal 1
BOTTOM OF THE 8TH
Port Royal Disaster batting - Pitching for Jersey City Sun Caps : LHP Jesús Cantú
Batting: LHB Jim Unknown 0-0: Called Strike
0-1: Ground out 5-3 (Groundball, 56S)
Batting: SHB Bob Rogers 0-0: Ball
1-0: Called Strike
1-1: Ball
2-1: Foul Ball, location: 2F
2-2: Strikes out swinging
Batting: LHB Peter Paul 0-0: Called Strike
0-1: Swinging Strike
0-2: Ball
1-2: Foul Ball, location: 2F
1-2: Strikes out swinging
Bottom of the 8th over - 0 run(s), 0 hit(s), 0 error(s), 0 left on base; Jersey City 13 - Port Royal 1
TOP OF THE 9TH
Jersey City Sun Caps batting - Pitching for Port Royal Disaster : LHP Aukukero Mincarlie Jr.
Batting: RHB Bryan Wilson 0-0: Called Strike
0-1: Swinging Strike
0-2: Foul Ball, location: 2F
0-2: Fly out, F3 (Popup, 3SF)
Batting: RHB Jonah Moody 0-0: Called Strike
0-1: Ball
1-1: Ball
2-1: Foul Ball, location: 2F
2-2: Strikes out swinging
Batting: LHB Miguel Martínez 0-0: Ball
1-0: Ball
2-0: SOLO HOME RUN (Flyball, 9LD), Distance : 346 ft
Batting: RHB Micheal Murdoch 0-0: Ball
1-0: Fly out, F7 (Flyball, 78M)
Top of the 9th over - 1 run(s), 1 hit(s), 0 error(s), 0 left on base; Jersey City 14 - Port Royal 1
BOTTOM OF THE 9TH
Port Royal Disaster batting - Pitching for Jersey City Sun Caps : LHP Jesús Cantú
Now at 2B: Harry Reynolds
Batting: RHB Mike Green 0-0: Called Strike
0-1: Ball
1-1: SINGLE (Flyball, 8LM)
Batting: RHB Paul Smith 0-0: Foul Ball, location: 2F
0-1: Ball
Pickoff Throw to First - Out!
1-1: Called Strike
1-2: Foul Ball, location: 2F
1-2: Ball
2-2: Foul Ball, location: 2F
2-2: Fly out, F9 (Flyball, 9LMF)
Batting: RHB David Gómez 0-0: DOUBLE (Line Drive, 78D)
Batting: RHB Clint Anthony 0-0: Ball
1-0: Ball
2-0: Foul Ball, location: 2F
2-1: Swinging Strike
2-2: Ball
3-2: Strikes out swinging
Bottom of the 9th over - 0 run(s), 2 hit(s), 0 error(s), 1 left on base; Jersey City 14 - Port Royal 1
This league is powered by Out of the Park Baseball, the baseball management simulation game for PC, Mac and Linux
Friday, January 22nd, 2016 - OOTP Baseball 16.9 Build 39